 Dungeon Crawl Stone Soup version 0.30-a0-540-g0af01429fa (webtiles) character file.

Game seed: 8733717319353079546

82 jlumianski the Trooper (level 4, 0/36 HPs)
             Began as a Demonspawn Fighter on Dec 26, 2022.
             Slain by Ijyb
             ... wielding a +0 dagger
              (1 damage)
             ... on level 3 of the Dungeon.
             The game lasted 00:07:28 (1679 turns).

jlumianski the Trooper (Demonspawn Fighter)         Turns: 1679, Time: 00:07:29

Health: 0/36       AC:  7    Str: 18    XL:     4   Next: 21%
Magic:  4/4        EV:  9    Int:  9    God:
Gold:   148        SH:  0    Dex: 13    Spells: 3/3 levels left

rFire   . . .      SeeInvis .    a - +0 war axe
rCold   + . .      Faith    .    c - +0 buckler
rNeg    + . .      Spirit   .    b - +0 scale mail
rPois   .          Reflect  .    (no helmet)
rElec   .          Harm     .    (no cloak)
rCorr   .          Rampage  .    (no gloves)
Will    .....                    (no boots) Stlth
                                 (no amulet)
HPRegen 0.26/turn                f - ring of positive energy
MPRegen 0.09/turn                e - ring of protection from cold

@: confused
A: rugged brown scales 1, foul stench 1
a: no special abilities


You were on level 3 of the Dungeon.
You visited 1 branch of the dungeon, and saw 4 of its levels.

You collected 148 gold pieces.

Inventory:

Hand Weapons
 a - a +0 war axe (weapon)
Missiles
 h - 2 poisoned darts (quivered)
 t - 5 stones
Armour
 b - a +0 scale mail (worn)
 c - a +0 buckler (worn)
Magical Staves
 m - a staff of conjuration
Jewellery
 e - a ring of protection from cold (right hand)
 f - a ring of positive energy (left hand)
 n - a ring of ice
Scrolls
 j - a scroll of amnesia
 k - a scroll of teleportation
 o - a scroll of noise
Potions
 d - a potion of might
 g - a potion of attraction
 i - 3 potions of brilliance
 l - 3 potions of heal wounds
 r - a potion of mutation
 s - 2 potions of curing


   Skills:
 * Level 3.4 Fighting
 + Level 2.8 Axes
 + Level 3.0 Armour
 + Level 0.9 Dodging
 * Level 3.2 Shields


You had 3 spell levels left.
You didn't know any spells.
Your spell library contained the following spells:

 Spells                   Type           Power      Damage    Failure   Level
 Cigotuvi's Dreadful Rot  Necr/Pois/Air  0%         N/A       94%         2
 Ice Form                 Ice/Tmut       0%         N/A       100%        4
 Alistair's Intoxication  Tmut/Pois      0%         N/A       100%        5


Dungeon Overview and Level Annotations

Branches:
Dungeon (4/15)
 Temple: D:4-7

Altars:

Annotations:
D:3 Ijyb


Innate Abilities, Weirdness & Mutations

You are partially covered in rugged brown scales. (AC +1, +3% HP)
You may rarely emit foul miasma when damaged in melee.


Message History

Ijyb is lightly wounded.
Ijyb closely misses you.
You hit Ijyb.
Ijyb is moderately wounded.
Ijyb hits you but does no damage. Ijyb closely misses you.
You closely miss Ijyb.
Ijyb is moderately wounded.
Ijyb zaps a wand.
The bolt of light misses you.
You hit Ijyb but do no damage.
Ijyb is moderately wounded.
Ijyb hits you but does no damage.
You hit Ijyb but do no damage.
Ijyb is moderately wounded.
Ijyb zaps a wand.
The bolt of light hits you! Ijyb hits you with a +0 dagger.
You hit Ijyb but do no damage.
Ijyb is moderately wounded.
Ijyb hits you with a +0 dagger.
You hit Ijyb.
Ijyb is moderately wounded.
Ijyb hits you but does no damage. x2
You hit Ijyb but do no damage.
Ijyb is moderately wounded.
You block Ijyb's attack.
You hit Ijyb.
Ijyb is moderately wounded.
Ijyb hits you but does no damage.
You closely miss Ijyb.
Ijyb is moderately wounded.
Ijyb hits you but does no damage. Ijyb completely misses you.
You closely miss Ijyb.
Ijyb is moderately wounded.
Ijyb hits you but does no damage.
You hit Ijyb but do no damage.
Ijyb is moderately wounded.
Ijyb zaps a wand.
The bolt of light hits you!!
You are confused.
Ouch! That really hurt!
* * * LOW HITPOINT WARNING * * *
Ijyb hits you with a +0 dagger.
You die...

..# ## #.# ## . #.# .
#.#.#.# .#.#. # ..... #
. #. #.#.... # #.#..
#g#.#.#.#
.....####@#.#.#.# #
......[.#.#.#..)#.#
..........#........
##...##.#.#........ #[#
######.###........ #.#
#................
#.######.......#########
#..............####
#.................# #.


You could see Ijyb.

Vanquished Creatures
  An adder (D:2)
  An adder zombie (D:2)
  3 dart slugs
  3 orcs
  5 ball pythons (D:1)
  2 bat skeletons (D:2)
  2 bat zombies (D:2)
  5 endoplasms
  A giant cockroach (D:2)
  4 goblins
  3 hobgoblins (D:1)
  A jackal (D:4)
  3 kobolds
  3 quokkas
  2 ball python skeletons (D:2)
  9 bats
  3 frilled lizards
  A jackal skeleton (D:2)
  A jackal zombie (D:2)
  A quokka skeleton (D:2)
  A quokka zombie (D:2)
55 creatures vanquished.

Vanquished Creatures (others)
  2 withered plants (D:2)
2 creatures vanquished.

Grand Total: 57 creatures vanquished

Notes
Turn   | Place    | Note
-------+----------+-------------------------------------------
     0 | D:1      | jlumianski the Demonspawn Fighter began the quest for the
                  | Orb.
     0 | D:1      | Reached XP level 1. HP: 18/18 MP: 1/1
   101 | D:2      | Got the Parchment of the Black Widow and Changing
   200 | D:1      | Gained mutation: You are partially covered in rugged brown
                  | scales. (AC +1, +3% HP) [demonic ancestry]
   200 | D:1      | Reached XP level 2. HP: 17/24 MP: 2/2
   401 | D:2      | Reached XP level 3. HP: 29/29 MP: 3/3
   947 | D:2      | Gained mutation: You may rarely emit foul miasma when
                  | damaged in melee. [demonic ancestry]
   947 | D:2      | Reached XP level 4. HP: 35/36 MP: 4/4
  1663 | D:3      | Noticed Ijyb
  1679 | D:3      | HP: 1/36 [Ijyb/bolt of light (19)]
  1679 | D:3      | Slain by Ijyb

Illustrated notes

Levels and vault maps discovered:
D:1:      tekkud_arrival_beachfront_property, layout_basic,
          amcnicky_mini_rare_corridor_liquid, minmay_misc_feat_cross
D:2:      layout_rooms, serial_undead, serial_undead_f, serial_undead_e,
          serial_undead_c, serial_undead_c, serial_undead_c, serial_undead_a,
          serial_undead_e, serial_undead_f
D:3:      layout_basic, due_unseen_surprise, uniq_ijyb
D:4:      layout_basic, uniq_grinder, uniq_duvessa, uniq_sigmund

Skill      XL: |  1  2  3  4 |
---------------+-------------+-----
Axes           | 2 |  2.8
Shields        | 3 |  3.2
Armour         | 3 |  3.0
Fighting       | |  3.4
Dodging        | |  0.9

Action                   |  1- 3 |  4- 6 || total
-------------------------+-------+-------++-------
Melee: War axe           |   117 |    40 ||   157
  Use: Scroll            |       |    10 ||    10
Armor: Scale mail        |    99 |    26 ||   125
Dodge: Dodged            |    86 |    22 ||   108
Block: Buckler           |    41 |    11 ||    52

Table legend: (Time is in decaauts)
 A = Elapsed time spent in this place.
 B = Non-inter-level travel time spent in this place.
 C = Inter-level travel time spent in this place.
 D = Time resting spent in this place.
 E = Time spent auto-exploring this place.
 F = Levels seen in this place.
 G = Mean time per level.
                   A        B        C        D        E       F      G
               +--------+--------+--------+--------+--------+-----+--------+
         Total |   1749 |   1749 |      0 |      0 |    694 |   4 |  437.2 |
       Dungeon |   1749 |   1749 |      0 |      0 |    694 |   4 |  437.2 |
               +--------+--------+--------+--------+--------+-----+--------+

Top non-repeatable levels by time:
     D:2: 668 daAuts
     D:1: 643 daAuts
     D:3: 423 daAuts
     D:4: 14 daAuts
